 Dungeon Crawl Stone Soup version 0.19-a0-1268-g6c5d9f8 (webtiles) character file.

11778 twist the Severer (level 11, -3/81 HPs)
             Began as a Gargoyle Fighter on Aug 29, 2016.
             Was a High Priest of Hepliaklqana.
             Engulfed by a cloud of steam (8 damage)
             ... on level 12 of the Dungeon.
             The game lasted 00:29:01 (11577 turns).

twist the Severer (Gargoyle Fighter)               Turns: 11577, Time: 00:29:01

Health: -3/81      AC: 25    Str: 26    XL:     11   Next: 83%
Magic:  11/11      EV:  2    Int:  8    God:    Hepliaklqana [*****.]
Gold:   961        SH:  0    Dex: 17    Spells: 2 memorised, 6 levels left

rFire  . . .     SeeInvis .     u - +0 blowgun
rCold  . . .     Gourm    .     (armour currently unavailable)
rNeg   + + +     Faith    +     (no shield)
rPois  ∞         Spirit   .     (helmet currently unavailable)
rElec  .         Dismiss  .     (cloak currently unavailable)
rCorr  .         Reflect  .     (gloves currently unavailable)
MR     .....     Harm     .     (boots currently unavailable)
Stlth  +++....... NoTele   +    x - amulet of faith
                                (no ring)
                                D - ring of wizardry

@: mighty, agile, tree-form, manticore barbs
A: negative energy resistance 1, (electricity resistance), (unbreathing),
petrification resistance, rot immunity, AC +7
a: Recall Ancestor, Ancestor Identity, Transference, Idealise, Renounce Religion


You were on level 12 of the Dungeon.
You worshipped Hepliaklqana.
Hepliaklqana was extremely pleased with you.
You were not hungry.
You were a tree.
You visited 3 branches of the dungeon, and saw 15 of its levels.

You collected 961 gold pieces.

Inventory:

Hand Weapons
 a - a +1 war axe
 h - the +5 dagger "Vethrant" {pierce, +Fly rF++ Str+2}
   (You found it on level 4 of the Dungeon)

   It inflicts extra damage upon your enemies.
   It affects your strength (+2).
   It greatly protects you from fire.
   It lets you fly.
 u - a +0 blowgun (weapon)
 F - a +2 falchion of holy wrath
 H - a +2 whip of flaming
 L - a +2 great sword of electrocution
Missiles
 l - 8 curare-tipped needles
 v - 38 poisoned needles (quivered)
 O - 4 needles of sleeping
Armour
 b - a +0 scale mail (melded)
 c - a +0 shield
 g - a +0 cloak (melded)
 j - a +1 pair of gloves (melded)
 y - a +0 helmet (melded)
Jewellery
 x - an amulet of faith (around neck)
 D - a ring of wizardry (left branch)
Wands
 J - a wand of iceblast (6/15)
Scrolls
 e - 3 scrolls of remove curse
 i - 2 scrolls of teleportation
 m - 3 scrolls of enchant weapon
 o - a scroll of fear
 B - a scroll of magic mapping
 N - a scroll of identify
 P - a scroll of amnesia
 Q - a scroll of enchant armour
 R - a scroll of blinking {unknown}
Potions
 d - a potion of might
 p - a potion of curing
 q - 2 potions of lignification
 t - a potion of ambrosia {unknown}
 w - 2 potions of cure mutation
 A - a potion of brilliance {unknown}
 C - 5 potions of degeneration {unknown}
 G - a potion of mutation {unknown}
 I - 2 potions of flight
 K - 3 potions of cancellation
Books
 k - a book of Spatial Translocations

   Spells                             Type                      Level
   a - Apportation                    Translocation                1
   b - Blink                          Translocation                2
   c - Shroud of Golubria             Charms/Translocation         2
   d - Portal Projectile              Translocation                3
   e - Teleport Other                 Translocation                3
   f - Passage of Golubria            Translocation                4
 n - a book of Minor Magic

   Spells                             Type                      Level
   a - Magic Dart                     Conjuration                  1
   b - Blink                          Translocation                2
   c - Call Imp                       Summoning                    2
   d - Repel Missiles                 Charms/Air                   2
   e - Slow                           Hexes                        2
   f - Conjure Flame                  Conjuration/Fire             3
   g - Mephitic Cloud                 Conjuration/Poison/Air       3
Comestibles
 f - 6 bread rations
 s - 10 slices of pizza
 z - 6 beef jerkies
 E - 2 meat rations
 M - 9 chunks of flesh


   Skills:
 - Level 3.4 Fighting
 + Level 16.0 Axes
 - Level 3.2 Armour
 - Level 3.2 Shields


You had 6 spell levels left.
You knew the following spells:

 Your Spells              Type           Power        Failure   Level  Hunger
a - Blink                 Tloc           N/A          36%         2    ###....
b - Repel Missiles        Chrm/Air       #.....       36%         2    ###....


Dungeon Overview and Level Annotations

Branches:
Dungeon (12/15)            Temple (1/1) D:5            Lair (2/6) D:11
    Orc (0/2) D:9
  Swamp: Lair:2-4    Shoals: Lair:2-4     Snake: Lair:2-4    Spider: Lair:2-4

Altars:
Ashenzari
Cheibriados
Dithmenos
Elyvilon
Fedhas
Gozag
Hepliaklqana
Kikubaaqudgha
Makhleb
Nemelex Xobeh
Okawaru
Qazlal
Ru
Sif Muna
Trog
Uskayaw
Vehumet
Xom
Yredelemnul
Zin
The Shining One


Innate Abilities, Weirdness & Mutations

You are resistant to torment.
((Your stone body is resilient. (AC +7)))
You are immune to poison.
You resist negative energy. (rN+)
((You are resistant to electric shocks. (rElec)))
((You can survive without breathing.))
You are immune to petrification.
You are immune to rotting.


Message History

The poisoned needle barely misses the cyclops.
You are engulfed in a cloud of scalding steam.
* * * LOW HITPOINT WARNING * * *
The cyclops throws a large rock.
The large rock hits you.
* * * LOW HITPOINT WARNING * * *
Firing (i - inventory. (,) - cycle):
v - 40 poisoned needles (quivered)
Press: ? - help, Shift-Dir - straight line, f/p - cyclops
Aim: a cyclops You shoot a poisoned needle.
The poisoned needle completely misses the cyclops.
You are engulfed in a cloud of scalding steam.
The cyclops throws a large rock.
The large rock hits you but does no damage.
Firing (i - inventory. (,) - cycle):
v - 39 poisoned needles (quivered)
Press: ? - help, Shift-Dir - straight line, f/p - cyclops
Aim: a cyclops You shoot a poisoned needle.
The poisoned needle barely misses the cyclops.
You are engulfed in a cloud of scalding steam.
You die...

....>. .#
#.....#+#.#
..........#
..........#
..........# ###
......H...#
#.###### #†#
#......#
#(########.####.##
#((((C.♣.........#
##########.#..#..#
#.<....#.#.....#
######.#....##.#
#.#######.# #.#
#.# #.# #.# #.#
#.# #.# #.#


You could see a cyclops.

Vanquished Creatures
  A manticore (D:12)
  An ugly thing (D:11)
  A gargoyle (D:10)
  2 spiny frogs (Lair:1)
  A troll (Lair:1)
  Grinder (D:6)
  A meliai zombie (D:9)
  7 yaks
  4 hogs (D:7)
  A human (D:7)
  2 hippogriffs
  A steam dragon (D:12)
  3 water moccasins
  An ice beast (D:5)
  A sky beast (D:5)
  3 ogres
  3 phantoms
  A necrophage (D:12)
  A centaur (D:7)
  2 crocodiles (Lair:2)
  2 big kobolds
  A gnoll sergeant (D:10)
  2 giant frogs
  A wyvern skeleton (D:9)
  2 scorpions
  6 killer bees
  3 wights (D:10)
  A centaur zombie (D:6)
  2 howler monkeys (D:8)
  3 crimson imps
  2 hounds
  3 jellies
  4 orc priests
  A giant frog skeleton (D:6)
  Ijyb (D:2)
  5 orc wizards
  4 iguanas
  11 worker ants
  A hound zombie (D:6)
  5 gnolls
  A howler monkey skeleton (D:5)
  10 adders
  3 river rats (Lair:1)
  5 shadow imps
  2 oozes (D:5)
  3 adder skeletons
  A worm (D:2)
  2 dart slugs
  2 giant geckos (D:3)
  23 orcs
  3 ball pythons
  3 giant cockroaches (D:2)
  9 hobgoblins
  6 jackals (D:5)
  5 quokkas
  4 bats
  4 giant newts
  7 goblins
  2 jackal zombies
  18 kobolds
  6 rats
217 creatures vanquished.

Vanquished Creatures (collateral kills)
  The ghost of 4thArraOfDagon the Grappler, a novice TrGl of Sif Muna (D:10)
  Sonja (Lair:1)
  A spiny frog (Lair:2)
  A troll (D:11)
  2 yaks
  A hippogriff (D:9)
  A hungry ghost (D:8)
  3 wargs (D:11)
  A water moccasin (Lair:2)
  2 porcupines
  2 ice beasts (D:9)
  A black bear (D:8)
  2 sky beasts
  2 crocodiles
  A killer bee (D:10)
  A wight (D:10)
  A crimson imp (D:9)
  A hound (D:10)
  An orc wizard (D:11)
  A centaur skeleton (D:11)
  2 iguanas
  A worker ant (D:10)
  A killer bee zombie (D:7)
  5 gnolls
  2 adders
  5 river rats (Lair:1)
  4 orcs
  2 quokkas (D:10)
  A ball python (D:7)
  3 kobolds
  A fungus (Lair:1)
54 creatures vanquished.

Vanquished Creatures (others)
  An orc wizard (D:9)
  3 battlemagi
  An ancestor (D:7)
  A fungus (Lair:2)
6 creatures vanquished.

Grand Total: 277 creatures vanquished

Notes
Turn   | Place    | Note
-------+----------+-------------------------------------------
     0 | D:1      | twist the Gargoyle Fighter began the quest for the Orb.
     0 | D:1      | Reached XP level 1. HP: 14/14 MP: 1/1
   126 | D:1      | Reached skill level 2 in Axes
   549 | D:1      | Reached XP level 2. HP: 19/19 MP: 2/2
  1031 | D:2      | Found a faded altar of an unknown god.
  1135 | D:2      | Reached skill level 3 in Axes
  1135 | D:2      | Reached XP level 3. HP: 23/23 MP: 3/3
  1544 | D:2      | Reached XP level 4. HP: 28/28 MP: 4/4
  1561 | D:2      | Noticed Ijyb
  1573 | D:2      | Killed Ijyb
  1573 | D:2      | Reached skill level 4 in Axes
  2088 | D:3      | Reached XP level 5. HP: 32/32 MP: 5/5
  2578 | D:4      | Got a smoking dagger
  2647 | D:4      | Identified the +5 dagger "Vethrant" {pierce, +Fly rF++ Str+2} (You found it on level 4 of the Dungeon)
  3067 | D:4      | Reached skill level 5 in Axes
  3275 | D:5      | Entered Level 5 of the Dungeon
  3306 | D:5      | Reached XP level 6. HP: 30/37 MP: 6/6
  3359 | D:5      | Noticed an ice beast
  3373 | D:5      | Killed an ice beast
  3373 | D:5      | Reached skill level 6 in Axes
  3602 | D:5      | Noticed a sky beast
  3634 | D:5      | Killed a sky beast
  3689 | D:5      | Reached XP level 7. HP: 40/41 MP: 7/7
  3757 | D:5      | Reached skill level 7 in Axes
  4000 | D:5      | Found a staircase to the Ecumenical Temple.
  4046 | Temple   | Entered the Ecumenical Temple
  4456 | D:6      | Learned a level 2 spell: Blink
  4459 | D:6      | Learned a level 2 spell: Repel Missiles
  4496 | D:6      | Found a burning altar of Makhleb.
  4625 | D:6      | Reached skill level 8 in Axes
  4648 | D:6      | Found an ancient bone altar of Kikubaaqudgha.
  4649 | D:6      | Found a shattered altar of Ashenzari.
  4649 | D:6      | Found an opulent altar of Gozag.
  4649 | D:6      | Noticed Grinder
  4650 | D:6      | Found a hide-covered altar of Uskayaw.
  4650 | D:6      | Found a hazy altar of Hepliaklqana.
  4650 | D:6      | Found a burning altar of Makhleb.
  4651 | D:6      | Found a radiant altar of Vehumet.
  4652 | D:6      | Paralysed by Grinder for 7 turns
  4662 | D:6      | Paralysed by Grinder for 5 turns
  4672 | D:6      | Killed Grinder
  4672 | D:6      | Reached XP level 8. HP: 40/46 MP: 8/8
  4834 | D:6      | Reached skill level 9 in Axes
  5220 | D:6      | Became a worshipper of Hepliaklqana
  5402 | D:7      | Reached skill level 10 in Axes
  5731 | D:7      | Reached XP level 9. HP: 45/45 MP: 9/9
  5769 | D:7      | HP: 1/45 [hog (6)]
  5795 | D:7      | Reached skill level 11 in Axes
  6246 | D:8      | Reached * piety under Hepliaklqana
  6591 | D:8      | Reached skill level 12 in Axes
  6613 | D:8      | Reached ** piety under Hepliaklqana
  6614 | D:8      | Remembered your ancestor Kammani as a battlemage
  6829 | D:9      | Reached XP level 10. HP: 50/50 MP: 10/10
  6878 | D:9      | You fall through a shaft for 2 floors!
  6931 | D:11     | Noticed a cyan ugly thing
  6951 | D:11     | Killed a cyan ugly thing
  7063 | D:11     | Reached skill level 13 in Axes
  7100 | D:11     | Found a staircase to the Lair.
  7329 | D:10     | Entered Level 10 of the Dungeon
  7483 | D:10     | Reached *** piety under Hepliaklqana
  7531 | D:10     | Noticed 4thArraOfDagon's ghost (novice TrGl)
  7543 | D:10     | Killed 4thArraOfDagon's ghost
  7850 | D:10     | Noticed a gargoyle
  7856 | D:10     | Killed a gargoyle
  7856 | D:10     | Reached skill level 14 in Axes
  8311 | D:10     | Reached **** piety under Hepliaklqana
  8527 | D:9      | Reached XP level 11. HP: 43/54 MP: 11/11
  8577 | D:9      | Found a staircase to the Orcish Mines.
  8906 | Lair:1   | Entered Level 1 of the Lair of Beasts
  9218 | Lair:1   | Noticed Sonja
  9232 | Lair:1   | Killed Sonja
  9239 | Lair:1   | Reached ***** piety under Hepliaklqana
  9585 | Lair:1   | Reached skill level 15 in Axes
 11055 | D:11     | Found a deep blue altar of Sif Muna.
 11529 | D:12     | Noticed a manticore
 11534 | D:12     | Noticed a cyclops
 11565 | D:12     | Killed a manticore
 11565 | D:12     | Reached skill level 16 in Axes
 11575 | D:12     | HP: 4/81 [cyclops/large rock (5)]
 11577 | D:12     | Engulfed by a cloud of steam

Vault maps used:
D:1:      lightli_arrival_chessboard
D:2:      ecumenical_altar_2, serial_bayou_crossing, uniq_iyjb
D:3:      serial_bayou, serial_bayou_pond_e, serial_bayou_shore_b,
          serial_bayou_shore_a, serial_bayou_pond_b
D:5:      first_bread
D:6:      grunt_temple_overflow_open, makhleb_heckhound_becter, uniq_grinder
D:7:      grunt_livestock
D:8:      minmay_misc_feat_x
D:9:      minmay_misc_feat_nine_boxes
D:11:     minmay_weird_star, erik_lair_orcish_takeover, basic_altar
D:12:     serial_shops, shop
Temple:   eino_temple_lava
Lair:1:   uniq_sonja
Lair:2:   dummy_snake_entry

Skill      XL: |  1  2  3  4  5  6  7  8  9 10 11 |
---------------+----------------------------------+-----
Axes           | 2 3 4 5 6 8 10 12 14 16 | 16.0
Fighting       | |  3.4
Armour         | |  3.2
Shields        | |  3.2

Action                   |  1- 3 |  4- 6 |  7- 9 | 10-12 || total
-------------------------+-------+-------+-------+-------++-------
Melee: War axe           |   113 |   190 |   359 |   360 ||  1022
 Fire: Blowgun           |       |       |    36 |    27 ||    63
Invok: Ancestor Life: Ba |       |       |     1 |       ||     1
       Ancestor Identity |       |       |     1 |       ||     1
       Recall Ancestor   |       |       |       |     1 ||     1
  Use: Scroll            |       |     7 |     4 |    14 ||    25
       Potion            |       |       |     2 |     8 ||    10
 Stab: Distracted        |       |       |     2 |     6 ||     8
  Eat: Chunk             |     2 |     7 |    13 |    10 ||    32
       Meat ration       |       |       |       |     1 ||     1
Armor: Scale mail        |    72 |    99 |   213 |   160 ||   544
       Skin              |       |       |       |    15 ||    15
Dodge: Dodged            |    35 |    55 |    98 |    98 ||   286
Block: Shield            |    63 |    80 |   168 |   128 ||   439
